 Dungeon Crawl Stone Soup version 0.30-a0-585-g93115170b9 (webtiles) character file.

Game seed: 1822250758554745217

984 vineage the Fighter (level 8, -4/55 HPs)
             Began as a Gargoyle Fighter on Jan 2, 2023.
             Slain by an ogre
             ... wielding a +0 giant club
              (18 damage)
             ... on level 5 of the Dungeon.
             The game lasted 00:03:58 (3048 turns).

vineage the Fighter (Gargoyle Fighter)              Turns: 3048, Time: 00:03:58

Health: -4/55      AC: 23    Str: 23    XL:     8   Next: 17%
Magic:  8/8        EV:  6    Int:  8    God:
Gold:   265        SH:  4    Dex:  9    Spells: 7/7 levels left

rFire   . . .      SeeInvis .    a - +0 flail
rCold   . . .      Faith    .    c - +0 buckler
rNeg    + . .      Spirit   .    l - +0 plate armour
rPois   ∞          Reflect  .    (no helmet)
rElec   +          Harm     .    j - +2 cloak {rCorr}
rCorr   +          Rampage  .    d - +0 pair of gloves
Will    .....                    r - +0 pair of boots Stlth
                                 h - amulet of regeneration
HPRegen 1.09/turn                (no ring)
MPRegen 0.11/turn                (no ring)

@: no status effects
A: sickness immunity, AC +5, negative energy resistance 1, electricity
resistance, torment resistance 1, petrification resistance
a: no special abilities


You were on level 5 of the Dungeon.
You visited 1 branch of the dungeon, and saw 5 of its levels.

You collected 265 gold pieces.

Inventory:

Hand Weapons
 a - a +0 flail (weapon)
Armour
 b - a +0 scale mail
 c - a +0 buckler (worn)
 d - a +0 pair of gloves (worn)
 j - a +2 cloak of preservation (worn)
 l - a +0 plate armour (worn)
 r - a +0 pair of boots (worn)
Jewellery
 h - an amulet of regeneration (around neck)
Scrolls
 i - a scroll of fear
 p - a scroll of fog
 s - a scroll of vulnerability {unknown}
Potions
 e - 2 potions of cancellation
 f - 2 potions of curing
 g - a potion of might
 k - a potion of mutation {unknown}
 m - 2 potions of heal wounds {unknown}
 n - a potion of attraction {unknown}
 o - a potion of ambrosia {unknown}
 q - a potion of haste {unknown}


   Skills:
 + Level 8.4 Fighting
 + Level 3.8 Maces & Flails
 + Level 4.9 Armour
 + Level 4.9 Shields


You had 7 spell levels left.
You didn't know any spells.
Your spell library contained the following spells:

 Spells                   Type           Power      Damage    Failure   Level
 Magic Dart               Conj           0%         1d3       100%        1
 Call Imp                 Summ           0%         N/A       100%        2
 Dazzling Flash           Conj/Hex       0%         N/A       100%        3
 Mephitic Cloud           Conj/Pois/Air  0%         N/A       100%        3
 Agony                    Necr           0%         N/A       100%        5
 Fireball                 Conj/Fire      0%         3d3       100%        5
 Iskenderun's Battlesphe  Conj           0%         2d6       100%        5
 Silence                  Hex/Air        0%         N/A       100%        5
 Conjure Ball Lightning   Conj/Air       0%         3x3d6     100%        6
 Orb of Destruction       Conj           0%         9d5       100%        7


Dungeon Overview and Level Annotations

Branches:
Dungeon (5/15)
 Temple: D:4-7

Altars:
The Shining One


Innate Abilities, Weirdness & Mutations

You are immune to sickness and miasma.
Your stone body is resilient. (AC +5)
You are immune to poison.
You resist negative energy. (rN+)
You are resistant to electric shocks. (rElec)
You are resistant to unholy torment.
You are immune to petrification.


Message History

Something hits you but does no damage.
You miss something. The orc hits you but does no damage.
Something hits you but does no damage.
You thump something!
Reactivating autopickup.
You feel a bit more experienced. The orc hits you with a +0 club.
Things that are here:
a +0 dagger; a +0 robe; an orc corpse You sock the orc!
You kill the orc!
You hit the iguana but do no damage. You block the iguana's attack.
You thump the iguana!
The iguana is heavily wounded.
The iguana bites you but does no damage.
You barely miss the iguana.
The iguana is heavily wounded.
The iguana bites you!
You sock the iguana!
The iguana is almost dead.
The iguana bites you but does no damage.
The iguana bites you.
You sock the iguana!
You kill the iguana!
The adder barely misses you.
You hit the adder but do no damage. The adder barely misses you.
The adder bites you but does no damage.
You barely miss the adder. The adder bites you but does no damage.
You thump the adder!
You kill the adder!
You sock the ogre!
The ogre is heavily wounded.
The ogre hits you with a +0 giant club!
You barely miss the ogre.
The ogre is heavily wounded.
The ogre hits you with a +0 giant club!
* * * LOW HITPOINT WARNING * * *
You barely miss the ogre.
The ogre is heavily wounded.
The ogre hits you with a +0 giant club!!
You die...

.... .##..#s###.###
.####.##.##.# o.
..## ......#...#o#
. !..#
##........#§## ...#
##.#..#...#..#
...##
...#..###.#..#
....# ......#
#.#...### ....#
.....##
#.#.....####....#..
...###
#.#.....@Oool...!..
#.##
#(#################
#.##### #.......#
......#####..####
#####.....#.######
#####.#......#
+...####.# #.#.#
.......


You could see an ogre, an iguana and 2 orcs.

Vanquished Creatures
  A hornet (D:4)
  Sigmund (D:2)
  A phantom (D:5)
  2 scorpions
  A hound (D:5)
  2 jellies
  An orc priest (D:5)
  3 iguanas
  An orc wizard (D:5)
  Robin (D:1)
  3 gnolls
  6 adders
  An ufetubus (D:3)
  A worm (D:3)
  2 dart slugs
  6 orcs
  3 bats
  16 endoplasms
  7 giant cockroaches
  9 hobgoblins
  4 jackals
  4 quokkas
  8 ball pythons
  5 frilled lizards
  13 goblins
  10 kobolds
  4 rats
116 creatures vanquished.

Vanquished Creatures (others)
  6 fungi (D:4)
6 creatures vanquished.

Grand Total: 122 creatures vanquished

Notes
Turn   | Place    | Note
-------+----------+-------------------------------------------
     0 | D:1      | vineage the Gargoyle Fighter began the quest for the Orb.
     0 | D:1      | Reached XP level 1. HP: 14/14 MP: 1/1
   143 | D:1      | Reached XP level 2. HP: 20/20 MP: 2/2
   145 | D:1      | Reached skill level 4 in Fighting
   357 | D:1      | You fall into a shaft and drop 1 floor!
   383 | D:2      | Reached XP level 3. HP: 24/24 MP: 3/3
   408 | D:2      | Noticed Sigmund
   417 | D:2      | Killed Sigmund
   418 | D:2      | Reached skill level 6 in Fighting
   418 | D:2      | Reached XP level 4. HP: 29/32 MP: 4/4
   418 | D:2      | Reached XP level 5. HP: 34/37 MP: 5/5
   589 | D:1      | Reached skill level 7 in Fighting
   951 | D:2      | Noticed Robin
   960 | D:1      | Killed Robin
   961 | D:1      | Reached XP level 6. HP: 43/44 MP: 6/6
  1931 | D:3      | Found a faded altar of an unknown god.
  1938 | D:3      | Found a glowing golden altar of the Shining One.
  2482 | D:4      | Reached XP level 7. HP: 48/48 MP: 7/7
  2493 | D:4      | Identified a scroll of acquirement
  2493 | D:4      | Acquired a +2 cloak of preservation
  2593 | D:4      | Noticed a hornet
  2610 | D:4      | Killed a hornet
  2611 | D:4      | Reached skill level 8 in Fighting
  2926 | D:5      | Entered Level 5 of the Dungeon
  3018 | D:5      | Reached XP level 8. HP: 42/54 MP: 8/8
  3048 | D:5      | Slain by an ogre

Illustrated notes

Levels and vault maps discovered:
D:1:      tarquinn_simple_flora_water_f, layout_loops_ring
D:2:      layout_rooms, uniq_sigmund, uniq_robin
D:3:      layout_basic, nicolae_overflow_ecumenical_swirl
D:4:      layout_rooms, serial_aquarium, aquarium_bridge_square
          [aquarium_subvault_bridge, aquarium_subvault_window,
          aquarium_subvault_wall, aquarium_subvault_bridge],
          aquarium_window_fake, aquarium_window_3, aquarium_view_2e,
          aquarium_view_2d, aquarium_balcony_double_1
D:5:      minmay_recursive_quarters, layout_loops_cross,
          mainiacjoe_overflow_surrounded_room,
          eino_small_chamber_without_monster, grunt_decor_resistance

Skill      XL: |  1  2  3  4  5  6  7 |
---------------+----------------------+-----
Fighting       | 4 6 7 8 |  8.4
Maces & Flails | 3 |  3.8
Armour         | 4 |  4.9
Shields        | 4 |  4.9

Action                   |  1- 3 |  4- 6 |  7- 9 || total
-------------------------+-------+-------+-------++-------
Melee: Flail             |    49 |   277 |    82 ||   408
  Use: Potion            |     1 |       |       ||     1
       Scroll            |       |     5 |     6 ||    11
 Stab: Fleeing           |       |       |     1 ||     1
Armor: Scale mail        |    33 |    90 |       ||   123
       Plate armour      |       |   157 |    83 ||   240
Dodge: Dodged            |    22 |   155 |    24 ||   201
Block: Buckler           |     8 |    72 |    16 ||    96

Table legend: (Time is in decaauts)
 A = Elapsed time spent in this place.
 B = Non-inter-level travel time spent in this place.
 C = Inter-level travel time spent in this place.
 D = Time resting spent in this place.
 E = Time spent auto-exploring this place.
 F = Levels seen in this place.
 G = Mean time per level.
                   A        B        C        D        E       F      G
               +--------+--------+--------+--------+--------+-----+--------+
         Total |   3184 |   3055 |    129 |     11 |   2148 |   5 |  636.8 |
       Dungeon |   3184 |   3055 |    129 |     11 |   2148 |   5 |  636.8 |
               +--------+--------+--------+--------+--------+-----+--------+

Top non-repeatable levels by time:
     D:3: 1165 daAuts
     D:1: 860 daAuts
     D:4: 518 daAuts
     D:2: 505 daAuts
     D:5: 135 daAuts
